 Dungeon Crawl Stone Soup version 0.27-a0-1036-g8e1b44f6bd (webtiles) character file.

Game seed: 7790885002108575303

2118 harryhousin the Cruncher (level 9, -14/57 (65) HPs)
             Began as a Gnoll Wanderer on Apr 18, 2021.
             Was an Elder of Lugonu.
             Demolished by a wight
             ... wielding a +0 great sword
              (15 damage)
             ... on level 5 of the Dungeon.
             The game lasted 00:28:05 (6774 turns).

harryhousin the Cruncher (Gnoll Wanderer)           Turns: 6774, Time: 00:28:08

HP:   -14/57 (65)   AC:  7    Str: 20    XL:     9   Next: 29%
MP:   18/18         EV: 12    Int: 15    God:    Lugonu [****..]
Gold: 158           SH:  0    Dex: 12    Spells: 20/21 levels left

rFire    . . .     SeeInvis .   a - +2 quarterstaff
rCold    . . .     Faith    .   (shield currently unavailable)
rNeg     . . .     Spirit   .   r - +0 ring mail "Wuijezos" {Int+5}
rPois    .         Reflect  .   (no helmet)
rElec    .         Harm     .   (no cloak)
rCorr    .         Rampage  .   (no gloves)
Will     .....                  k - +0 pair of boots
Stlth    ++........             (no amulet)
HPRegen  0.19/turn              (no ring)
MPRegen  0.16/turn              (no ring)

@: heavily drained
A: fangs 1, strong nose, distributed training, strong 2
a: Renounce Religion, Depart the Abyss, Bend Space, Banish, Corrupt


You were on level 5 of the Dungeon.
You worshipped Lugonu.
Lugonu was greatly pleased with you.
You visited 1 branch of the dungeon, and saw 6 of its levels.

You collected 158 gold pieces.

Inventory:

Hand Weapons
 a - a +2 quarterstaff (weapon)
 w - a +3 morningstar
Armour
 j - a +0 chain mail
 k - a +0 pair of boots (worn)
 r - the +0 ring mail "Wuijezos" (worn) {Int+5}
   (You found it on level 5 of the Dungeon)

   It affects your intelligence (+5).
Wands
 t - a wand of digging (3)
 v - a wand of flame (8)
Scrolls
 d - 2 scrolls of identify {unknown}
 e - a scroll of brand weapon {unknown}
 g - 3 scrolls of teleportation {unknown}
 h - 5 scrolls of enchant armour {unknown}
 i - a scroll of torment {unknown}
 l - a scroll of silence {unknown}
 n - 3 scrolls of immolation {unknown}
 q - a scroll of fog {unknown}
 s - a scroll of holy word {unknown}
Potions
 b - 3 potions of curing
 c - a potion of cancellation
 f - a potion of flight
 o - a potion of might {unknown}
 p - a potion of mutation
 u - a potion of ambrosia {unknown}


   Skills:
 + Level 4.1 Fighting
 + Level 4.1 Short Blades
 + Level 4.1 Long Blades
 + Level 4.1 Axes
 + Level 4.1 Maces & Flails
 + Level 4.1 Polearms
 + Level 11.1 Staves
 + Level 4.1 Slings
 + Level 4.1 Bows
 + Level 4.1 Crossbows
 + Level 4.1 Throwing
 + Level 4.1 Armour
 + Level 4.1 Dodging
 + Level 4.8 Stealth
 + Level 4.9 Shields
 + Level 4.1 Unarmed Combat
 + Level 6.5 Spellcasting
 + Level 3.3 Conjurations
 + Level 3.3 Hexes
 + Level 3.3 Summonings
 + Level 3.3 Necromancy
 + Level 3.3 Translocations
 + Level 3.3 Transmutations
 + Level 3.3 Fire Magic
 + Level 4.0 Ice Magic
 + Level 3.3 Air Magic
 + Level 3.3 Earth Magic
 + Level 3.3 Poison Magic
 + Level 4.5 Invocations
 + Level 4.1 Evocations


You had 20 spell levels left.
You knew the following spells:

 Your Spells              Type           Power      Damage    Failure   Level
a - Magic Dart            Conj           60%        1d6       5%          1

Your spell library contained the following spells:

 Spells                   Type           Power      Damage    Failure   Level
 Beastly Appendage        Tmut           30%        N/A       5%          1
 Summon Small Mammal      Summ           60%        N/A       5%          1
 Call Imp                 Summ           15%        N/A       9%          2
 Passwall                 Tmut/Erth      12%        N/A       9%          2
 Searing Ray              Conj           30%        3d4       9%          2
 Wereblood                Tmut           15%        N/A       9%          2
 Call Canine Familiar     Summ           15%        N/A       17%         3
 Dazzling Flash           Conj/Hex       30%        N/A       17%         3
 Spider Form              Tmut/Pois      7%         N/A       17%         3
 Summon Guardian Golem    Hex/Summ       15%        N/A       17%         3
 Ice Form                 Ice/Tmut       16%        N/A       43%         4
 Summon Ice Beast         Ice/Summ       16%        N/A       43%         4
 Fulminant Prism          Conj/Hex       7%         3d7       50%         4
 Iskenderun's Mystic Bla  Conj/Tloc      15%        2d5       50%         4
 Summon Lightning Spire   Summ/Air       15%        N/A       50%         4
 Hydra Form               Tmut           7%         N/A       83%         5


Dungeon Overview and Level Annotations

Branches:
Dungeon (6/15)
 Temple: D:4-7

Altars:
Dithmenos
Lugonu

Annotations:
D:2 1 runed translucent door, Crazy Yiuf


Innate Abilities, Weirdness & Mutations

You have very sharp teeth.
Your uncanny sense of smell can sniff out nearby items.
Your experience applies equally to all skills.
Your muscles are very strong. (Str +4)


Message History

You hit the wight.
The wight is moderately damaged.
The ice beast misses you.
The wight hits you with a +0 great sword.
The wight hits you but does no damage.
You hit the wight but do no damage.
The wight is moderately damaged.
The ice beast hits you. The ice beast freezes you.
The wight hits you with a +0 hand axe!
You feel drained. The wight misses you.
You hit the wight. Your bite misses the wight.
The wight is moderately damaged.
The ice beast hits you but does no damage.
You barely miss the ice beast. Your bite misses the ice beast.
The wight barely misses you. The wight hits you but does no damage.
You thump the ice beast!
The ice beast is moderately wounded.
The ice beast hits you. The ice beast freezes you!
The wight barely misses you. x2
You hit the ice beast but do no damage.
The ice beast is moderately wounded.
The ice beast barely misses you. The wight hits you with a +0 hand axe.
You feel drained. The wight misses you.
You feel much better. The ice beast misses you. The wight closely misses you.
The wight hits you with a +0 great sword!
It was a potion of mutation.
You feel extremely strange.
You feel stronger. x2
The ice beast hits you. The ice beast freezes you!
* * * LOW HITPOINT WARNING * * *
The wight hits you with a +0 hand axe.
* * * LOW HITPOINT WARNING * * *
You feel drained.
* * * LOW HITPOINT WARNING * * *
The wight misses you.
You sock the wight!
The wight is severely damaged.
The ice beast barely misses you. The wight hits you with a +0 hand axe!
* * * LOW HITPOINT WARNING * * *
You feel drained.
* * * LOW HITPOINT WARNING * * *
The wight hits you with a +0 great sword!
You die...

######### #......#.#.#
#..........#
################.#.###
...............#.#.#
###....#...##..#.#.#
#....#...###.#.#.#
###....##..###.#.#.#
..)...###......#Y#.#
..#...# ##.....#@#.#
..#...# ###...#zzo#
.##..## ####.#[#########
###..# ####....#.........#
....####.......#[#.#####.#
...###.........(.#.# #.#
.####..........#.#.# #.#
## #..####.###.#.#.#####.#
##..##...# #.#.#.#.....#


You could see an ice beast, 2 wights and an orc.

Vanquished Creatures
  Pikel (D:4)
  Grinder (D:5)
  Menkaure (D:4)
  A water moccasin (D:5)
  A black bear (D:5)
  An ogre (D:4)
  A necrophage (D:5)
  A centaur (D:5)
  2 phantoms
  2 lemures (D:4)
  A water moccasin zombie (D:5)
  2 scorpions
  A water moccasin skeleton (D:5)
  2 wights (D:5)
  A howler monkey (D:5)
  A bullfrog zombie (D:5)
  A hound (D:5)
  Ijyb (D:4)
  2 iguanas (D:5)
  An orc wizard (D:5)
  A hound zombie (D:5)
  13 adders
  3 gnolls (D:5)
  A shadow imp (D:5)
  2 adder skeletons (D:4)
  2 dart slugs
  7 orcs
  7 ball pythons
  6 endoplasms
  5 giant cockroaches
  6 hobgoblins
  21 jackals
  5 kobolds
  8 quokkas
  6 bats
  3 frilled lizards
  A goblin (D:4)
  4 rats
126 creatures vanquished.

Notes
Turn   | Place    | Note
-------+----------+-------------------------------------------
     0 | D:1      | Reached skill level 10 in Staves
     0 | D:1      | harryhousin the Gnoll Wanderer began the quest for the Orb.
     0 | D:1      | harryhousin set off with the following items: a +2
                  | quarterstaff, a potion of curing, a +0 robe; and the
                  | following spells available to memorise: Passwall, Wereblood
     0 | D:1      | Reached XP level 1. HP: 13/13 MP: 6/6
   148 | D:1      | Reached XP level 2. HP: 14/19 MP: 7/7
   569 | D:1      | Reached XP level 3. HP: 23/25 MP: 9/9
   599 | D:1      | Reached skill level 5 in Spellcasting
  1160 | D:2      | Found a faded altar of an unknown god.
  1168 | D:2      | Became a worshipper of Lugonu the Unformed
  1168 | D:2      | Reached * piety under Lugonu
  1168 | D:2      | Reached ** piety under Lugonu
  1211 | D:2      | Reached skill level 1 in Invocations
  1361 | D:2      | Reached skill level 1 in Fighting
  1361 | D:2      | Reached skill level 1 in Short Blades
  1361 | D:2      | Reached skill level 1 in Long Blades
  1361 | D:2      | Reached skill level 1 in Axes
  1361 | D:2      | Reached skill level 1 in Maces & Flails
  1361 | D:2      | Reached skill level 1 in Polearms
  1361 | D:2      | Reached skill level 1 in Slings
  1361 | D:2      | Reached skill level 1 in Bows
  1361 | D:2      | Reached skill level 1 in Crossbows
  1361 | D:2      | Reached skill level 1 in Throwing
  1361 | D:2      | Reached skill level 1 in Armour
  1361 | D:2      | Reached skill level 1 in Dodging
  1361 | D:2      | Reached skill level 1 in Unarmed Combat
  1361 | D:2      | Reached skill level 1 in Evocations
  1361 | D:2      | Reached XP level 4. HP: 32/32 MP: 11/11
  1486 | D:2      | Found a runed translucent door.
  1487 | D:2      | Noticed Crazy Yiuf
  1541 | D:2      | Reached skill level 1 in Conjurations
  1541 | D:2      | Reached skill level 1 in Hexes
  1541 | D:2      | Reached skill level 1 in Summonings
  1541 | D:2      | Reached skill level 1 in Necromancy
  1541 | D:2      | Reached skill level 1 in Translocations
  1541 | D:2      | Reached skill level 1 in Transmutations
  1541 | D:2      | Reached skill level 1 in Fire Magic
  1541 | D:2      | Reached skill level 1 in Air Magic
  1541 | D:2      | Reached skill level 1 in Earth Magic
  1541 | D:2      | Reached skill level 1 in Poison Magic
  1644 | D:2      | Found a shadowy altar of Dithmenos.
  2163 | D:3      | Reached XP level 5. HP: 37/37 MP: 12/12
  2221 | D:3      | Reached *** piety under Lugonu
  2979 | D:4      | Noticed Menkaure
  3291 | D:4      | Noticed a lemure
  3293 | D:4      | Noticed a lemure
  3293 | D:4      | Noticed a lemure
  3314 | D:4      | Killed a lemure
  3326 | D:4      | Killed a lemure
  3362 | D:4      | Noticed a phantom
  3379 | D:4      | Killed a phantom
  3380 | D:4      | Reached XP level 6. HP: 44/44 MP: 14/14
  3828 | D:4      | Noticed Pikel
  4161 | D:5      | Entered Level 5 of the Dungeon
  4198 | D:5      | Reached XP level 7. HP: 39/51 MP: 15/15
  4528 | D:5      | Identified the +0 ring mail "Wuijezos" {Int+5}
  4607 | D:5      | Reached XP level 8. HP: 42/57 MP: 16/16
  4958 | D:5      | Noticed Grinder
  4980 | D:5      | Killed Grinder
  5771 | D:4      | Killed Pikel
  5772 | D:4      | Reached skill level 11 in Staves
  5772 | D:4      | Reached XP level 9. HP: 46/65 MP: 18/18
  5789 | D:4      | Noticed Ijyb
  5835 | D:4      | Killed Ijyb
  5982 | D:4      | Learned a level 1 spell: Magic Dart
  6039 | D:4      | Killed Menkaure
  6299 | D:4      | Reached **** piety under Lugonu
  6773 | D:5      | Gained mutation: Your muscles are strong. (Str +2) [potion
                  | of mutation]
  6773 | D:5      | Gained mutation: Your muscles are very strong. (Str +4)
                  | [potion of mutation]
  6774 | D:5      | HP: 1/57 [wight/+0 hand axe (2)]
  6774 | D:5      | Demolished by a wight

Illustrated notes

Levels and vault maps discovered:
D:1:      minmay_arrival_radiant_lines, layout_basic
D:2:      layout_loops_ring, basic_ecumenical_altar, basic_altar,
          chequers_avenue, uniq_crazy_yiuf_cottage
D:3:      layout_basic, chequers_decorated_corner
D:4:      layout_basic, corexii_item_surrounded_by_moat, uniq_pikel,
          uniq_menkaure, uniq_ijyb
D:5:      minmay_recursive_quarters, layout_basic, uniq_grinder
D:6:      minmay_thinvault, layout_basic

Skill      XL: |  1  2  3  4  5  6  7  8  9 |
---------------+----------------------------+-----
Staves         | 11 | 11.1
Ice Magic      | 2 3 4 |  4.0
Spellcasting   | 5 6 |  6.5
Invocations    | 1 2 3 4 |  4.5
Fighting       | 1 2 3 4 |  4.1
Short Blades   | 1 2 3 4 |  4.1
Long Blades    | 1 2 3 4 |  4.1
Axes           | 1 2 3 4 |  4.1
Maces & Flails | 1 2 3 4 |  4.1
Polearms       | 1 2 3 4 |  4.1
Slings         | 1 2 3 4 |  4.1
Bows           | 1 2 3 4 |  4.1
Crossbows      | 1 2 3 4 |  4.1
Throwing       | 1 2 3 4 |  4.1
Armour         | 1 2 3 4 |  4.1
Dodging        | 1 2 3 4 |  4.1
Unarmed Combat | 1 2 3 4 |  4.1
Evocations     | 1 2 3 4 |  4.1
Conjurations   | 1 2 3 |  3.3
Hexes          | 1 2 3 |  3.3
Summonings     | 1 2 3 |  3.3
Necromancy     | 1 2 3 |  3.3
Translocations | 1 2 3 |  3.3
Transmutations | 1 2 3 |  3.3
Fire Magic     | 1 2 3 |  3.3
Air Magic      | 1 2 3 |  3.3
Earth Magic    | 1 2 3 |  3.3
Poison Magic   | 1 2 3 |  3.3
Shields        | 3 4 |  4.9
Stealth        | 3 4 |  4.8

Action                   |  1- 3 |  4- 6 |  7- 9 || total
-------------------------+-------+-------+-------++-------
Melee: Quarterstaff      |    95 |   199 |   183 ||   477
       Bite              |     3 |    18 |    14 ||    35
 Cast: Magic Dart        |       |       |     6 ||     6
Invok: Bend Space        |       |     1 |       ||     1
  Use: Potion            |       |     2 |     3 ||     5
 Stab: Sleeping          |     7 |     1 |     3 ||    11
Armor: Robe              |    17 |       |       ||    17
       Chain mail        |       |    92 |    17 ||   109
       Ring mail         |       |       |    38 ||    38
Dodge: Dodged            |    39 |    61 |    84 ||   184

Table legend: (Time is in decaauts)
 A = Elapsed time spent in this place.
 B = Non-inter-level travel time spent in this place.
 C = Inter-level travel time spent in this place.
 D = Time resting spent in this place.
 E = Time spent auto-exploring this place.
 F = Levels seen in this place.
 G = Mean time per level.
                   A        B        C        D        E       F      G
               +--------+--------+--------+--------+--------+-----+--------+
         Total |   6671 |   6348 |    323 |   2397 |   2122 |   6 | 1111.8 |
       Dungeon |   6671 |   6348 |    323 |   2397 |   2122 |   6 | 1111.8 |
               +--------+--------+--------+--------+--------+-----+--------+

Top non-repeatable levels by time:
     D:5: 1860 daAuts
     D:3: 1434 daAuts
     D:4: 1323 daAuts
     D:1: 1138 daAuts
     D:2: 909 daAuts
     D:6: 4 daAuts
